 Dungeon Crawl Stone Soup version 0.18-a0-1748-g7377c14 (webtiles) character file.

56 Gorice the Gusty (level 3, 0/24 HPs)
             Began as a Demonspawn Air Elementalist on Apr 12, 2016.
             Succumbed to Jessica's poison
             ... on level 2 of the Dungeon.
             The game lasted 00:05:13 (840 turns).

Gorice the Gusty (Demonspawn Air Elementalist)       Turns: 840, Time: 00:05:14

Health: 0/24       AC:  2    Str:  8    XL:     3   Next: 69%
Magic:  5/6        EV: 17    Int: 17    God:
Gold:   60         SH:  3    Dex: 18    Spells: 1 memorised, 5 levels left

rFire  . . .     SeeInvis .     a - +2 dagger (venom)
rCold  . . .     Gourm    .     e - +0 robe
rNeg   . . .     Faith    .     (no shield)
rPois  .         Spirit   .     (helmet restricted)
rElec  .         Dismiss  .     (no cloak)
rCorr  .         Reflect  +     (no gloves)
SustAt .         Harm     .     (no boots)
MR     .....                    d - +3 amulet of reflection
Stlth  +++.......               (no ring)
                                k - ring of flight

@: agile, lethally poisoned (0 -> -7), not resistant to hostile enchantments,
fairly stealthy
A: antennae 2
a: Evoke Flight


You were on level 2 of the Dungeon.
You were not hungry.

You visited 1 branch of the dungeon, and saw 2 of its levels.

You collected 60 gold pieces.

Inventory:

Hand Weapons
 a - a +2 dagger of venom (weapon)
   (You took it off a kobold on level 1 of the Dungeon)
Missiles
 Z - 32 stones (quivered)
Armour
 e - a +0 robe (worn)
Jewellery
 d - a +3 amulet of reflection (around neck)
 k - a ring of flight (left hand)
Books
 b - a book of Air
Comestibles
 c - 2 bread rations {!e}
 f - 4 fruits
 i - a chunk of flesh


   Skills:
 - Level 1.7 Dodging
 - Level 1.7 Stealth
 - Level 2.0 Spellcasting
 * Level 3.0 Conjurations
 + Level 3.3 Air Magic


You had 5 spell levels left.
You knew the following spells:

 Your Spells              Type           Power        Failure   Level  Hunger
a - Shock                 Conj/Air       ##..         6%          1    #......


Dungeon Overview and Level Annotations

Branches:
Dungeon (2/15)

Altars:


Innate Abilities, Weirdness & Mutations

You have a pair of antennae on your head.


Message History

There is a lethal amount of poison in your body!
* * * LOW HITPOINT WARNING * * *
You feel sick.
Your Conjurations skill increases to level 3!
You feel a bit more experienced.
Damage: 2 (max 15)
* * * LOW HITPOINT WARNING * * *
You feel sick.
Damage: 1 (max 15)
* * * LOW HITPOINT WARNING * * *
You feel sick.
Damage: 2 (max 15)
* * * LOW HITPOINT WARNING * * *
You feel sick.
Damage: 1 (max 15)
* * * LOW HITPOINT WARNING * * *
You feel sick.
Damage: 1 (max 15)
* * * LOW HITPOINT WARNING * * *
You feel sick.
Damage: 1 (max 15)
Your transformation is almost over.
* * * LOW HITPOINT WARNING * * *
You feel sick.
Some of the chunks of flesh in your inventory have rotted away.
Damage: 2 (max 15)
* * * LOW HITPOINT WARNING * * *
You feel sick.
* * * LOW HITPOINT WARNING * * *
You feel sick.
Damage: 1 (max 15)
* * * LOW HITPOINT WARNING * * *
You feel sick.
Damage: 1 (max 15)
* * * LOW HITPOINT WARNING * * *
You feel sick.
Damage: 1 (max 15)
* * * LOW HITPOINT WARNING * * *
You feel sick.
Damage: 1 (max 15)
* * * LOW HITPOINT WARNING * * *
You feel sick.
Your magical contamination has completely faded away.
Damage: 1 (max 15)
You feel less woody.
Your +0 robe unmelds from your body.
* * * LOW HITPOINT WARNING * * *
You feel sick.
Damage: 3 (max 15)
You die...

#.. #.# ######.# ........
#(...#.# #####...########..
......>...........
######.##..#####
########@###...#
#.........####@#
#.....<...####........
#....................@
######..>......###......#..
#.....................?....
#.#####...........######....
#.........#... ..#.
#.........#### ..


There were no monsters in sight!

Vanquished Creatures
  Jessica (D:2)
  An adder (D:2)
  2 dart slugs (D:1)
  A goblin (D:1)
  3 hobgoblins (D:1)
  3 bats
  7 kobolds (D:1)
  2 rats (D:1)
20 creatures vanquished.

Notes
Turn   | Place    | Note
--------------------------------------------------------------
     0 | D:1      | Gorice the Demonspawn Air Elementalist began the quest for the Orb.
     0 | D:1      | Reached XP level 1. HP: 13/13 MP: 3/3
   330 | D:1      | Gained mutation: You have a pair of small antennae on your head. [demonic ancestry]
   330 | D:1      | Reached XP level 2. HP: 14/19 MP: 1/5
   399 | D:1      | Reached skill level 2 in Conjurations
   716 | D:1      | Reached skill level 3 in Air Magic
   780 | D:2      | Gained mutation: You have a pair of antennae on your head. [demonic ancestry]
   780 | D:2      | Reached XP level 3. HP: 24/24 MP: 4/6
   804 | D:2      | Noticed Jessica
   813 | D:2      | HP: 5/24 [Jessica/nerve-wracking pain (14)]
   822 | D:2      | Killed Jessica
   822 | D:2      | Reached skill level 3 in Conjurations
   827 | D:2      | HP: 10/36 [poisoned by Jessica]
   832 | D:2      | HP: 6/36 [poisoned by Jessica]
   838 | D:2      | HP: 1/24 [poisoned by Jessica]
   840 | D:2      | Succumbed to Jessica's poison

Vault maps used:
D:1:      minmay_arrival_loop, minmay_misc_feat_tiny, roderic_roman_lattice,
          kennysheep_pointless_box
D:2:      overflow_temple_1_default, evilmike_ruin_ashenzari, uniq_natasha,
          uniq_jessica, uniq_iyjb

Skill      XL: |  1  2  3 |
---------------+----------+-----
Conjurations   | 2 3 |  3.0
Air Magic      | 3 |  3.3
Dodging        | |  1.7
Stealth        | |  1.7
Spellcasting   | |  2.0

Action                   || total
-------------------------++-------
Melee: Dagger            ||    26
       Unarmed           ||     1
 Cast: Shock             ||    19
  Use: Scroll            ||     2
       Potion            ||     3
 Stab: Sleeping          ||     1
Armor: Robe              ||     4
       Skin              ||     4
Dodge: Dodged            ||     9
Block: Other             ||     3
       Reflected         ||     1

Table legend:
 A = Turns spent in this place as a percentage of turns spent in the entire game.
 B = Non-inter-level travel turns spent in this place as a percentage of non-inter-level travel turns spent in the entire game.
 C = Inter-level travel turns spent in this place as a percentage of turns spent in this place.
 D = Turns resting spent in this place as a percentage of non-inter-level travel turns spent in this place.
 E = Turns spent auto-exploring this place as a percentage of non-inter-level travel turns spent in this place.
 F = Non-inter-level travel turns spent in this place divided by the number of levels of this place that you've seen.
                   A       B       C       D       E      F
               +-------+-------+-------+-------+-------+----------------------
         Total | 100.0 | 100.0 |   0.3 |   3.0 |   6.8 | 168.5
       Dungeon | 100.0 | 100.0 |   0.3 |   3.0 |   6.8 | 168.5
               +-------+-------+-------+-------+-------+----------------------

Vault maps used:
D:1:      minmay_arrival_loop, minmay_misc_feat_tiny, roderic_roman_lattice,
          kennysheep_pointless_box
D:2:      overflow_temple_1_default, evilmike_ruin_ashenzari, uniq_natasha,
          uniq_jessica, uniq_iyjb
